 Dungeon Crawl Stone Soup version 0.31-a0-182-gc5ef74bbde (webtiles) character file.

Game seed: 1521862772240553793

43412 qw the Severer (level 14, 0/92 HPs)
             Began as a Gargoyle Fighter on June 21, 2023.
             Was an Elder of Okawaru.
             Slain by a polar bear (5 damage)
             ... on level 5 of the Lair of Beasts.
             The game lasted 00:13:55 (20117 turns).

qw the Severer (Gargoyle Fighter)                  Turns: 20117, Time: 00:13:55

Health: 0/92       AC: 33    Str: 25    XL:     14   Next: 24%
Magic:  32/32      EV: 12    Int:  7    God:    Okawaru [****..]
Gold:   1090       SH:  8    Dex: 19    Spells: 13/13 levels left

rFire   . . .        Y - +0 broad axe
rCold   . . .        c - +0 buckler
rNeg    + + .        y - +0 plate armour {Will+}
rPois   inf          p - +1 helmet of the Comet {MP+9 Stlth+}
rElec   +            b - scarf {repulsion}
rCorr   .            f - +2 pair of gloves
SInv    .            (no boots)
Will    ++...        (no amulet) Stlth
                     g - ring of positive energy
HPRegen 0.35/turn    q - +6 ring of dexterity
MPRegen 0.23/turn

%: repel missiles
@: heroic, frozen, flying, very slow
A: sickness immunity, AC +10, big wings, negative energy resistance 1,
electricity resistance, torment resistance 1, petrification resistance, agile 1,
high MP 1, noise suppression
a: Renounce Religion, Heroism, Finesse


You were on level 5 of the Lair of Beasts.
You worshipped Okawaru.
Okawaru was greatly pleased with you.
You visited 3 branches of the dungeon, and saw 16 of its levels.
You also visited: Sewer.

You collected 1090 gold pieces.


Innate Abilities, Weirdness & Mutations

You are immune to sickness and miasma.
Your stone body is resilient. (AC +10)
You are immune to poison.
Your large and strong wings let you fly.
You resist negative energy. (rN+)
You are resistant to electric shocks. (rElec)
You are resistant to unholy torment.
You are immune to petrification.
You are agile. (Dex +4, Str/Int -1)
You have an increased reservoir of magic. (+10% MP)
You passively dampen the noise of your surroundings.


   Skills:
 - Level 12.0(17.0) Fighting
 + Level 15.2(20.2) Axes
 - Level 10.1(15.1) Armour
 - Level 4.1(9.1) Dodging
 - Level 7.3(12.3) Shields
 - Level 10.0 Invocations


You had 13 spell levels left.
You didn't know any spells.
Your spell library was empty.

Inventory:

Hand Weapons
 k - a +0 flail of holy wrath
 w - a +0 morningstar
 Y - a +0 broad axe (weapon)
Armour
 b - a scarf of repulsion (worn)
 c - a +0 buckler (worn)
 f - a +2 pair of gloves (worn)
 n - a +1 chain mail of fire resistance
 p - the +1 helmet of the Comet (worn) {MP+9 Stlth+}
   (You found it on level 2 of the Lair of Beasts)

   MP:        It affects your magic capacity (+9).
   Stlth:     It makes you more stealthy.
 u - +0 acid dragon scales
 y - a +0 plate armour of willpower (worn)
 z - the +4 skin of Zhor {*Englaciate rC+++ SInv}
   (You found it on level 2 of the Lair of Beasts)

   *Englaciate: It radiates cold, occasionally slowing all nearby creatures who
   are not resistant to cold.
   rC:        It renders you almost immune to cold.
   SInv:      It lets you see invisible.
Jewellery
 g - a ring of positive energy (left hand)
 h - a ring of ice
 q - a +6 ring of dexterity (right hand)
 v - a ring of fire
Scrolls
 j - 6 scrolls of identify
Potions
 a - a potion of magic
 d - 4 potions of might
 e - 8 potions of curing
 i - 2 potions of resistance
 l - 3 potions of attraction
 m - 3 potions of enlightenment
 o - a potion of mutation
 r - a potion of cancellation
 s - a potion of haste
 t - 3 potions of lignification

Dungeon Overview and Level Annotations

Branches:
Dungeon (10/15)            Temple (1/1) D:5            Lair (5/5) D:10
  Swamp (0/4) Lair:2       Spider (0/4) Lair:3        Slime (0/5) Lair:4
  Sewer (visited)
    Orc: D:9-12

Altars:
Ashenzari
Cheibriados
Dithmenos
Elyvilon
Fedhas
Gozag
Hepliaklqana
Kikubaaqudgha
Makhleb
Nemelex Xobeh
Okawaru
Qazlal
Ru
Sif Muna
Trog
Uskayaw
Vehumet
Wu Jian
Xom
Yredelemnul
Zin
The Shining One
Jiyva

Annotations:
D:5 1 runed translucent door, exclusion: 3 jellies, Crazy Yiuf
D:6 2 transporters
Lair:2 exclusion: 3 electric eels
Lair:3 1 runed translucent door, qw's ghost, journeyman GrFi
Lair:4 1 runed translucent door


Message History

The vampire mosquito bites you but does no damage.
The bullfrog hits you but does no damage.
The vampire mosquito bites you but does no damage.
You closely miss the vampire mosquito.
The vampire mosquito is almost destroyed.
You hit the bullfrog. You slash the polar bear! The bullfrog barely misses you.
The polar bear misses you. You block the polar bear's attack. x2
The vampire mosquito bites you but does no damage.
You hit the vampire mosquito.
You destroy the vampire mosquito!
Okawaru accepts your kill.
You hit the bullfrog but do no damage. You barely miss the polar bear.
The bullfrog hits you but does no damage.
A vampire mosquito comes into view.
You block the polar bear's attack. The polar bear barely misses you. x2
The vampire mosquito buzzes angrily.
You hit the bullfrog.
The bullfrog is almost dead.
You slice the polar bear!! You completely miss the rime drake.
You hear a croak.
The bullfrog closely misses you. The rime drake closely misses you.
The bullfrog hits you but does no damage.
The polar bear goes berserk!
You slice the bullfrog!!
You kill the bullfrog!
Okawaru accepts your kill.
You closely miss the polar bear. You slash the rime drake!
The rime drake breathes ice at you. The icy flash freeze hits you.
You are encased in ice.
A bullfrog comes into view.
You block the polar bear's attack.
The polar bear claws you but does no damage.
The polar bear closely misses you.
You slash the polar bear!
The polar bear is almost dead.
You barely miss the rime drake. The rime drake closely misses you.
The polar bear bites you.
You die...

###~~~~~~~~ ~~~~~~~P~~
~~~~~~~~~~~~..##.
##~~~P~~~~~~..~#..
#~~~~~~~~~..~..#..
##~P~~~.~.~...~~#.. ..##
#.~~.....~P......PP
.F...####..~.....~......
.....yh@%...............
...##.k%%.%....#........
##..#.%...###..<..##
####.......%....##
#......?........###
##...#...........#.
#...P######.[...^...
.......# ##....#...
#.#...### #.......P


You could see a polar bear (berserk), a rime drake (catching breath), a vampire
mosquito and a bullfrog.

Vanquished Creatures
  Rupert (Lair:4)
  3 hydras
  A catoblepas (Lair:5)
  6 death yaks (Lair:1)
  A skyshark (Lair:5)
  A lindwurm (Lair:4)
  A will-o-the-wisp (Lair:2)
  6 elephants (Lair:2)
  9 black mambas
  14 cane toads
  Maggie (D:6)
  2 rime drakes (Lair:2)
  A gargoyle (D:10)
  7 komodo dragons
  An unseen horror (D:10)
  A kobold demonologist (D:10)
  3 polar bears
  A troll (D:10)
  2 tyrant leeches (Lair:5)
  Prince Ribbit (D:9)
  A hornet (D:8)
  7 dream sheep (Lair:4)
  14 blink frogs
  A slime creature (Lair:4)
  7 wyverns
  47 yaks
  A steam dragon (D:9)
  5 basilisks
  3 vampire mosquitoes (Lair:5)
  Edmund (D:6)
  17 water moccasins
  A sky beast (D:6)
  2 orc warriors
  2 black bears
  2 ogres
  20 wolves
  4 centaurs
  6 kobold brigands
  4 scorpions
  16 bullfrogs
  2 gnoll sergeants
  4 howler monkeys
  6 jellies
  5 hounds
  5 orc priests
  Terence (D:3)
  Jessica (D:3)
  Ijyb (D:3)
  Natasha (thrice) (D:4)
  5 iguanas
  8 orc wizards
  10 hell rats
  15 gnolls
  14 adders
  5 river rats
  3 white imps
  11 worms
  6 dart slugs
  31 orcs
  6 bats
  5 endoplasms
  8 giant cockroaches
  6 hobgoblins
  8 jackals
  A quokka (D:3)
  10 ball pythons
  3 frilled lizards
  6 goblins
  39 kobolds
  9 rats
461 creatures vanquished.

Vanquished Creatures (others)
  A water moccasin (D:10)
  4 foxfires (Lair:2)
5 creatures vanquished.

Grand Total: 466 creatures vanquished

Notes
Turn   | Place    | Note
-------+----------+-------------------------------------------
     0 | D:1      | qw the Gargoyle Fighter began the quest for the Orb.
     0 | D:1      | Reached XP level 1. HP: 14/14 MP: 1/1
     0 | D:1      | 0 ||| qw: Version: 0.3-a-9-g12657ce
     0 | D:1      | 0 ||| qw: Game counter: 1585
     0 | D:1      | 0 ||| qw: Always use a shield: true
     0 | D:1      | 0 ||| qw: God list: Okawaru
     0 | D:1      | 0 ||| qw: Allow faded altars: false
     0 | D:1      | 0 ||| qw: Do Orc after D:15 true
     0 | D:1      | 0 ||| qw: Do second Lair branch before Depths: true
     0 | D:1      | 0 ||| qw: Lair rune preference: random
     0 | D:1      | 0 ||| qw: Plans: Normal, Zot:1-4, Slime:5, God:TSO, Crypt,
                  | Tomb, Abyss, Pan, Hells, Win
     0 | D:1      | 0 ||| PLANNING D:1-11
    93 | D:1      | Reached skill level 2 in Axes
   157 | D:1      | Reached XP level 2. HP: 18/19 MP: 2/2
   320 | D:1      | 320 ||| Stepping ~*~*~tactically~*~*~ (stealth).
   323 | D:1      | 323 ||| Stepping ~*~*~tactically~*~*~ (stealth).
   324 | D:1      | 324 ||| Stepping ~*~*~tactically~*~*~ (stealth).
   329 | D:1      | 329 ||| Stepping ~*~*~tactically~*~*~ (stealth).
   362 | D:1      | 362 ||| Stepping ~*~*~tactically~*~*~ (stealth).
   363 | D:1      | 363 ||| Stepping ~*~*~tactically~*~*~ (stealth).
   367 | D:1      | 367 ||| Stepping ~*~*~tactically~*~*~ (stealth).
   369 | D:1      | Reached skill level 3 in Axes
   428 | D:1      | Reached XP level 3. HP: 23/23 MP: 3/3
   684 | D:1      | 684 ||| READING scroll labelled POTZOCW SIUNG.
  1034 | D:2      | Found a shadowy altar of Dithmenos.
  1199 | D:2      | Found a faded altar of an unknown god.
  1218 | D:2      | Reached XP level 4. HP: 28/28 MP: 4/4
  1511 | D:2      | 1511 ||| UPGRADING to +0 chain mail.
  1521 | D:2      | 1521 ||| DROPPING +0 scale mail.
  1522 | D:2      | 1522 ||| UPGRADING to +1 chain mail of fire resistance.
  1532 | D:2      | 1532 ||| DROPPING +0 chain mail.
  1533 | D:2      | 1533 ||| UPGRADING to ring of positive energy.
  1534 | D:2      | 1534 ||| READING scroll labelled XUPLOT MIEDO.
  1535 | D:2      | 1535 ||| READING scroll labelled QONIKO RUPHU.
  1536 | D:2      | 1536 ||| READING 2 scrolls of identify.
  1536 | D:2      | 1536 ||| IDENTIFYING sedimented black potion
  1698 | D:3      | Found a basalt altar of Yredelemnul.
  1763 | D:3      | 1763 ||| Stepping ~*~*~tactically~*~*~ (stealth).
  1773 | D:3      | Reached skill level 4 in Axes
  1864 | D:3      | Identified the +5 glaive "Tilanawko" {venom, +Blink rN+
                  | Will- rCorr}
  1875 | D:3      | Noticed Ijyb
  1885 | D:3      | Paralysed by Ijyb for 4 turns
  1889 | D:3      | Killed Ijyb
  1890 | D:3      | Reached XP level 5. HP: 32/32 MP: 5/5
  1893 | D:3      | 1893 ||| READING 2 scrolls of identify.
  1893 | D:3      | 1893 ||| IDENTIFYING fuming red potion
  1900 | D:3      | 1900 ||| DROPPING +0 club.
  1989 | D:3      | 1989 ||| Stepping ~*~*~tactically~*~*~ (hiding).
  2212 | D:3      | Noticed Terence
  2237 | D:3      | Killed Terence
  2238 | D:3      | Reached skill level 5 in Axes
  2459 | D:3      | Noticed Jessica
  2463 | D:3      | Killed Jessica
  2537 | D:3      | 2537 ||| DROPPING +0 whip.
  2624 | D:3      | 2624 ||| UPGRADING to +0 pair of gloves.
  2629 | D:3      | 2629 ||| READING scroll labelled LIMUES NIUWIA.
  2685 | D:4      | Noticed Natasha
  2686 | D:4      | 2686 ||| PLANNING SEWER
  2687 | D:4      | 2687 ||| Stepping ~*~*~tactically~*~*~ (hiding).
  2689 | D:4      | 2689 ||| Stepping ~*~*~tactically~*~*~ (hiding).
  2698 | D:4      | Killed Natasha
  2699 | D:4      | Reached XP level 6. HP: 32/38 MP: 6/6
  2719 | D:4      | 2719 ||| Stepping ~*~*~tactically~*~*~ (stealth).
  2779 | D:4      | Noticed Natasha
  2784 | D:4      | Killed Natasha
  2816 | D:4      | 2816 ||| DROPPING +0 mace.
  2842 | D:4      | 2842 ||| Stepping ~*~*~tactically~*~*~ (hiding).
  2858 | D:4      | Noticed Natasha
  2863 | D:4      | Killed Natasha
  2941 | D:4      | 2941 ||| Stepping ~*~*~tactically~*~*~ (stealth).
  2942 | D:4      | 2942 ||| Stepping ~*~*~tactically~*~*~ (stealth).
  3020 | D:4      | Reached skill level 6 in Axes
  3175 | D:4      | Reached skill level 1 in Dodging
  3200 | D:4      | Found a glowing drain.
  3237 | Sewer    | Entered a sewer
  3253 | Sewer    | Reached XP level 7. HP: 43/43 MP: 7/7
  3533 | Sewer    | 3533 ||| Stepping ~*~*~tactically~*~*~ (water).
  3537 | Sewer    | Reached skill level 7 in Axes
  3561 | Sewer    | 3561 ||| READING 2 scrolls labelled XOPUTE MASU.
  3562 | Sewer    | 3562 ||| READING scroll of enchant armour.
  3562 | Sewer    | 3562 ||| ENCHANTING +0 pair of gloves.
  3563 | Sewer    | 3563 ||| READING scroll labelled YFEPTY RANE.
  3564 | Sewer    | 3564 ||| DRINKING 2 amethyst potions.
  3564 | Sewer    | Gained mutation: You have an increased reservoir of magic.
                  | (+10% MP) [potion of mutation]
  3564 | Sewer    | Gained mutation: You passively dampen the noise of your
                  | surroundings. [potion of mutation]
  3564 | Sewer    | Gained mutation: You are agile. (Dex +4, Str/Int -1)
                  | [potion of mutation]
  3565 | Sewer    | 3565 ||| READING 3 scrolls of identify.
  3565 | Sewer    | 3565 ||| IDENTIFYING blue potion
  3566 | Sewer    | 3566 ||| READING 2 scrolls of identify.
  3566 | Sewer    | 3566 ||| IDENTIFYING pink potion
  3567 | Sewer    | 3567 ||| DROPPING potion of invisibility.
  3568 | Sewer    | 3568 ||| DROPPING potion of degeneration.
  3576 | D:4      | 3576 ||| PLANNING D:1-11
  3940 | D:4      | 3940 ||| UPGRADING to +6 ring of dexterity.
  3941 | D:4      | 3941 ||| READING scroll labelled POSUYDGH BUWN.
  3942 | D:4      | 3942 ||| READING 2 scrolls labelled JYLEIRUOWE.
  3943 | D:4      | 3943 ||| DRINKING 2 sapphire potions.
  3944 | D:4      | 3944 ||| DRINKING 2 glowing green potions.
  3945 | D:4      | 3945 ||| DROPPING scroll of poison.
  3949 | D:5      | Entered Level 5 of the Dungeon
  4027 | D:5      | Identified the +6 long sword "Ostru Bitol" {heavy, *Slow
                  | rN+ Int+5}
  4028 | D:5      | Found an opulent altar of Gozag.
  4052 | D:5      | 4052 ||| READING scroll labelled PYOSTR MUXYNULL.
  4167 | D:5      | 4167 ||| Stepping ~*~*~tactically~*~*~ (stealth).
  4169 | D:5      | 4169 ||| Stepping ~*~*~tactically~*~*~ (stealth).
  4210 | D:5      | Found a runed translucent door.
  4211 | D:5      | Noticed Crazy Yiuf
  4239 | D:5      | Found a staircase to the Ecumenical Temple.
  4240 | D:5      | 4240 ||| PLANNING TEMPLE
  4245 | D:5      | Reached XP level 8. HP: 39/49 MP: 8/8
  4278 | D:5      | 4278 ||| READING scroll labelled ESCHYG YTTAENT.
  4279 | D:5      | 4279 ||| READING scroll labelled GOTEWK HAHYSIBBI.
  4280 | D:5      | 4280 ||| READING 2 scrolls of identify.
  4280 | D:5      | 4280 ||| IDENTIFYING viscous green potion
  4281 | D:5      | 4281 ||| DROPPING potion of berserk rage.
  4285 | Temple   | Entered the Ecumenical Temple
  4437 | Temple   | 4437 ||| PLANNING D:1-11
  4549 | D:5      | 4549 ||| Stepping ~*~*~tactically~*~*~ (stealth).
  4643 | D:5      | Found a shimmering altar of Xom.
  4756 | D:5      | 4756 ||| READING 2 scrolls of identify.
  4756 | D:5      | 4756 ||| IDENTIFYING emerald potion
  4899 | D:6      | Found a burning altar of Makhleb.
  4899 | D:6      | Found a glowing silver altar of Zin.
  4900 | D:6      | Noticed an angel
  4900 | D:6      | Noticed a cacodemon
  4904 | D:6      | 4904 ||| Stepping ~*~*~tactically~*~*~ (hiding).
  4908 | D:6      | Reached skill level 8 in Axes
  5001 | D:6      | Reached skill level 6 in Fighting
  5012 | D:6      | 5012 ||| Stepping ~*~*~tactically~*~*~ (hiding).
  5014 | D:6      | 5014 ||| Stepping ~*~*~tactically~*~*~ (hiding).
  5136 | D:6      | Noticed Edmund
  5148 | D:6      | Killed Edmund
  5156 | D:6      | 5156 ||| DROPPING +0 flail.
  5387 | D:6      | Reached XP level 9. HP: 52/56 MP: 9/9
  5405 | D:6      | Found a transporter.
  5589 | D:6      | Found a transporter.
  5652 | D:6      | Reached skill level 9 in Axes
  5654 | D:6      | Noticed a kobold demonologist
  5670 | D:6      | Noticed Maggie
  5671 | D:6      | 5671 ||| FLEEEEING.
  5672 | D:6      | 5672 ||| FLEEEEING.
  5673 | D:6      | 5673 ||| FLEEEEING.
  5674 | D:6      | 5674 ||| FLEEEEING.
  5675 | D:6      | 5675 ||| FLEEEEING.
  5676 | D:6      | 5676 ||| FLEEEEING.
  5677 | D:6      | 5677 ||| FLEEEEING.
  5700 | D:6      | Killed Maggie
  5922 | D:6      | 5922 ||| SWAPPING to +0 broad axe.
  5923 | D:6      | 5923 ||| DROPPING +1 war axe.
  5924 | D:6      | 5924 ||| UPGRADING to scarf of repulsion.
  5929 | D:6      | 5929 ||| READING 2 scrolls of identify.
  5929 | D:6      | 5929 ||| IDENTIFYING fizzy silvery potion
  6082 | D:7      | 6082 ||| Stepping ~*~*~tactically~*~*~ (hiding).
  6088 | D:7      | 6088 ||| Stepping ~*~*~tactically~*~*~ (hiding).
  6103 | D:7      | 6103 ||| Stepping ~*~*~tactically~*~*~ (stealth).
  6382 | D:7      | 6382 ||| READING scroll of enchant armour.
  6382 | D:7      | 6382 ||| ENCHANTING +1 pair of gloves.
  6413 | D:7      | 6413 ||| Stepping ~*~*~tactically~*~*~ (hiding).
  6666 | D:7      | Found a glowing golden altar of the Shining One.
  6670 | D:7      | Found a sacrificial altar of Ru.
  6672 | D:7      | Found an iron altar of Okawaru.
  6673 | D:7      | 6673 ||| PLANNING OKAWARU WORSHIP
  6673 | D:7      | 6673 ||| READING scroll labelled SIXZOO VEQ ZUU.
  6674 | D:7      | 6674 ||| READING 2 scrolls of identify.
  6674 | D:7      | 6674 ||| IDENTIFYING fuming white potion
  6678 | D:7      | Became a worshipper of Warmaster Okawaru
  6679 | D:7      | 6679 ||| PLANNING D:1-11
  6947 | D:7      | 6947 ||| DROPPING ring of magical power.
  6990 | D:8      | Identified the staff "Watih" {SInv Earth}
  7090 | D:8      | 7090 ||| Stepping ~*~*~tactically~*~*~ (hiding).
  7096 | D:8      | 7096 ||| Stepping ~*~*~tactically~*~*~ (hiding).
  7251 | D:8      | 7251 ||| Stepping ~*~*~tactically~*~*~ (stealth).
  7253 | D:8      | 7253 ||| Stepping ~*~*~tactically~*~*~ (hiding).
  7392 | D:8      | Reached skill level 10 in Axes
  7421 | D:8      | Reached skill level 3 in Dodging
  7769 | D:8      | Reached * piety under Okawaru
  7770 | D:8      | Reached XP level 10. HP: 48/63 MP: 11/11
  7865 | D:8      | Reached skill level 1 in Invocations
  7872 | D:8      | 7872 ||| INVOKING Heroism.
  8047 | D:8      | Reached skill level 3 in Invocations
  8091 | D:8      | 8091 ||| READING scroll labelled PENWESA CAHIF.
  8157 | D:9      | 8157 ||| STAIRDANCE
  8160 | D:8      | 8160 ||| INVOKING Heroism.
  8320 | D:9      | Noticed Prince Ribbit
  8338 | D:9      | Killed Prince Ribbit
  8435 | D:9      | 8435 ||| INVOKING Heroism.
  8588 | D:9      | 8588 ||| INVOKING Heroism.
  8786 | D:9      | 8786 ||| Stepping ~*~*~tactically~*~*~ (hiding).
  8789 | D:9      | 8789 ||| INVOKING Heroism.
  9055 | D:9      | 9055 ||| UPGRADING to +0 helmet.
  9073 | D:10     | Entered Level 10 of the Dungeon
  9122 | D:10     | 9122 ||| Stepping ~*~*~tactically~*~*~ (stealth).
  9132 | D:10     | 9132 ||| INVOKING Heroism.
  9137 | D:10     | Reached skill level 11 in Axes
  9370 | D:10     | 9370 ||| Stepping ~*~*~tactically~*~*~ (hiding).
  9371 | D:10     | 9371 ||| Stepping ~*~*~tactically~*~*~ (stealth).
  9373 | D:10     | 9373 ||| INVOKING Heroism.
  9401 | D:10     | Reached skill level 6 in Armour
  9403 | D:10     | 9403 ||| Stepping ~*~*~tactically~*~*~ (stealth).
  9419 | D:10     | 9419 ||| Stepping ~*~*~tactically~*~*~ (hiding).
  9420 | D:10     | 9420 ||| Stepping ~*~*~tactically~*~*~ (hiding).
  9449 | D:10     | 9449 ||| Stepping ~*~*~tactically~*~*~ (stealth).
  9450 | D:10     | 9450 ||| Stepping ~*~*~tactically~*~*~ (stealth).
  9451 | D:10     | 9451 ||| Stepping ~*~*~tactically~*~*~ (stealth).
  9458 | D:10     | Noticed a gargoyle
  9463 | D:10     | 9463 ||| INVOKING Heroism.
  9465 | D:10     | HP: 8/65 [yak (10)]
  9466 | D:10     | 9466 ||| READING 2 scrolls of teleportation.
  9467 | D:10     | 9467 ||| DRINKING 3 potions of heal wounds.
  9469 | D:10     | Reached ** piety under Okawaru
  9470 | D:10     | Reached skill level 9 in Fighting
  9470 | D:10     | Reached XP level 11. HP: 34/71 MP: 12/15
  9472 | D:10     | 9472 ||| Stepping ~*~*~tactically~*~*~ (stealth).
  9480 | D:10     | 9480 ||| Stepping ~*~*~tactically~*~*~ (stealth).
  9481 | D:10     | 9481 ||| Stepping ~*~*~tactically~*~*~ (stealth).
  9483 | D:10     | 9483 ||| Stepping ~*~*~tactically~*~*~ (stealth).
  9484 | D:10     | 9484 ||| Stepping ~*~*~tactically~*~*~ (stealth).
  9485 | D:10     | 9485 ||| INVOKING Heroism.
  9499 | D:10     | 9499 ||| Stepping ~*~*~tactically~*~*~ (stealth).
  9585 | D:10     | 9585 ||| Stepping ~*~*~tactically~*~*~ (stealth).
  9588 | D:10     | 9588 ||| Stepping ~*~*~tactically~*~*~ (stealth).
  9594 | D:10     | 9594 ||| Stepping ~*~*~tactically~*~*~ (stealth).
  9621 | D:10     | 9621 ||| Stepping ~*~*~tactically~*~*~ (stealth).
  9622 | D:10     | 9622 ||| Stepping ~*~*~tactically~*~*~ (stealth).
  9623 | D:10     | 9623 ||| Stepping ~*~*~tactically~*~*~ (stealth).
  9658 | D:10     | 9658 ||| INVOKING Heroism.
  9705 | D:10     | Reached skill level 12 in Axes
  9713 | D:10     | Reached *** piety under Okawaru
  9722 | D:10     | Reached skill level 6 in Shields
  9764 | D:10     | Found a staircase to the Lair.
  9778 | D:10     | 9778 ||| Stepping ~*~*~tactically~*~*~ (stealth).
  9780 | D:10     | 9780 ||| Stepping ~*~*~tactically~*~*~ (hiding).
  9781 | D:10     | 9781 ||| Stepping ~*~*~tactically~*~*~ (hiding).
  9782 | D:10     | 9782 ||| Stepping ~*~*~tactically~*~*~ (hiding).
  9783 | D:10     | 9783 ||| Stepping ~*~*~tactically~*~*~ (hiding).
  9784 | D:10     | 9784 ||| Stepping ~*~*~tactically~*~*~ (hiding).
 10580 | D:10     | 10580 ||| PLANNING LAIR
 10580 | D:10     | 10580 ||| UPGRADING to +0 plate armour.
 10590 | D:10     | 10590 ||| DROPPING +6 ring of intelligence.
 10591 | D:10     | 10591 ||| DRINKING 2 fizzy golden potions.
 10669 | Lair:1   | Entered Level 1 of the Lair of Beasts
 10670 | Lair:1   | 10670 ||| PLANNING GAUNTLET
 10687 | Lair:1   | 10687 ||| INVOKING Heroism.
 10751 | Lair:1   | Noticed a death yak
 10751 | Lair:1   | Noticed a death yak
 10751 | Lair:1   | Noticed a death yak
 10752 | Lair:1   | 10752 ||| INVOKING Heroism.
 10755 | Lair:1   | Noticed a death yak
 10759 | Lair:1   | Noticed a death yak
 10760 | Lair:1   | Noticed a death yak
 10766 | Lair:1   | Killed a death yak
 10766 | Lair:1   | HP: 16/71 [death yak (12)]
 10767 | Lair:1   | 10767 ||| READING scroll of teleportation.
 10768 | Lair:1   | 10768 ||| DRINKING 2 potions of heal wounds.
 10831 | Lair:1   | 10831 ||| FLEEEEING.
 10839 | Lair:1   | 10839 ||| STAIRDANCE
 10900 | D:10     | 10900 ||| UPGRADING to +0 plate armour of willpower.
 10910 | D:10     | 10910 ||| DROPPING +0 plate armour.
 10935 | Lair:1   | 10935 ||| INVOKING Heroism.
 10970 | Lair:1   | 10970 ||| INVOKING Heroism.
 11121 | Lair:1   | 11121 ||| INVOKING Heroism.
 11126 | Lair:1   | Reached skill level 9 in Armour
 11158 | Lair:1   | 11158 ||| Stepping ~*~*~tactically~*~*~ (stealth).
 11159 | Lair:1   | 11159 ||| Stepping ~*~*~tactically~*~*~ (stealth).
 11160 | Lair:1   | 11160 ||| RIP GAUNTLET
 11161 | Lair:1   | 11161 ||| PLANNING LAIR
 11182 | Lair:1   | 11182 ||| INVOKING Heroism.
 11191 | Lair:1   | Received a gift from Okawaru
 11321 | Lair:1   | 11321 ||| INVOKING Heroism.
 11437 | Lair:1   | 11437 ||| INVOKING Heroism.
 11439 | Lair:1   | 11439 ||| Stepping ~*~*~tactically~*~*~ (stealth).
 11459 | Lair:1   | Killed a death yak
 11460 | Lair:1   | Reached XP level 12. HP: 60/77 MP: 16/16
 11519 | Lair:1   | 11519 ||| Stepping ~*~*~tactically~*~*~ (stealth).
 11520 | Lair:1   | 11520 ||| Stepping ~*~*~tactically~*~*~ (stealth).
 11521 | Lair:1   | 11521 ||| Stepping ~*~*~tactically~*~*~ (stealth).
 11524 | Lair:1   | 11524 ||| Stepping ~*~*~tactically~*~*~ (stealth).
 11526 | Lair:1   | 11526 ||| INVOKING Heroism.
 11539 | Lair:1   | Killed a death yak
 11548 | Lair:1   | Killed a death yak
 11548 | Lair:1   | Reached **** piety under Okawaru
 11552 | Lair:1   | Killed a death yak
 11553 | Lair:1   | Reached skill level 13 in Axes
 11556 | Lair:1   | HP: 18/77 [death yak (2)]
 11557 | Lair:1   | 11557 ||| DRINKING potion of heal wounds.
 11563 | Lair:1   | 11563 ||| INVOKING Heroism.
 11568 | Lair:1   | Killed a death yak
 11963 | Lair:1   | 11963 ||| INVOKING Heroism.
 12001 | Lair:1   | 12001 ||| Stepping ~*~*~tactically~*~*~ (stealth).
 12002 | Lair:1   | 12002 ||| Stepping ~*~*~tactically~*~*~ (stealth).
 12010 | Lair:1   | 12010 ||| Stepping ~*~*~tactically~*~*~ (stealth).
 12165 | Lair:1   | 12165 ||| READING scroll labelled DACAET KOYHI.
 12192 | Lair:2   | 12192 ||| STAIRDANCE
 12306 | Lair:2   | 12306 ||| Stepping ~*~*~tactically~*~*~ (stealth).
 12307 | Lair:2   | 12307 ||| Stepping ~*~*~tactically~*~*~ (stealth).
 12308 | Lair:2   | 12308 ||| Stepping ~*~*~tactically~*~*~ (stealth).
 12318 | Lair:2   | 12318 ||| Stepping ~*~*~tactically~*~*~ (stealth).
 12322 | Lair:2   | 12322 ||| INVOKING Heroism.
 12324 | Lair:2   | 12324 ||| Stepping ~*~*~tactically~*~*~ (stealth).
 12361 | Lair:2   | Reached skill level 6 in Invocations
 12412 | Lair:2   | 12412 ||| INVOKING Heroism.
 12463 | Lair:2   | 12463 ||| FLEEEEING.
 12464 | Lair:2   | 12464 ||| FLEEEEING.
 12522 | Lair:2   | 12522 ||| Stepping ~*~*~tactically~*~*~ (hiding).
 12549 | Lair:2   | You fall into a shaft and drop 2 floors!
 12550 | Lair:4   | 12550 ||| INVOKING Heroism.
 12629 | Lair:4   | Found a runed translucent door.
 12654 | Lair:3   | 12654 ||| INVOKING Heroism.
 12873 | Lair:3   | 12873 ||| INVOKING Heroism.
 12924 | Lair:3   | 12924 ||| INVOKING Heroism.
 12977 | Lair:3   | Identified the +2 trident of Bodily Humours {antimagic, rF+
                  | rN+ Str+3}
 12984 | Lair:3   | 12984 ||| READING 3 scrolls of identify.
 12984 | Lair:3   | 12984 ||| IDENTIFYING grey potion
 12985 | Lair:3   | 12985 ||| DROPPING potion of brilliance.
 13014 | Lair:2   | Reached XP level 13. HP: 63/82 MP: 20/20
 13020 | Lair:2   | Reached skill level 14 in Axes
 13059 | Lair:2   | 13059 ||| Stepping ~*~*~tactically~*~*~ (stealth).
 13060 | Lair:2   | 13060 ||| Stepping ~*~*~tactically~*~*~ (stealth).
 13090 | Lair:2   | 13090 ||| INVOKING Heroism.
 13100 | Lair:2   | Reached ***** piety under Okawaru
 13271 | Lair:2   | 13271 ||| INVOKING Heroism.
 13292 | Lair:2   | 13292 ||| Stepping ~*~*~tactically~*~*~ (stealth).
 13306 | Lair:2   | Reached skill level 9 in Invocations
 13316 | Lair:2   | Identified the +1 helmet of the Comet {MP+9 Stlth+}
 13411 | Lair:2   | 13411 ||| Stepping ~*~*~tactically~*~*~ (stealth).
 13429 | Lair:2   | 13429 ||| INVOKING Heroism.
 13583 | Lair:2   | Found a staircase to the Swamp.
 13598 | Lair:2   | 13598 ||| INVOKING Heroism.
 13824 | Lair:2   | Found the +4 skin of Zhor {*Englaciate rC+++ SInv}
 13995 | Lair:2   | 13995 ||| UPGRADING to +1 helmet of the Comet {MP+9
                  | Stlth+}.
 13996 | Lair:2   | 13996 ||| UPGRADING to +1 helmet of the Comet {MP+9
                  | Stlth+}.
 13997 | Lair:2   | 13997 ||| UPGRADING to +1 helmet of the Comet {MP+9
                  | Stlth+}.
 13998 | Lair:2   | 13998 ||| UPGRADING to +1 helmet of the Comet {MP+9
                  | Stlth+}.
 13999 | Lair:2   | 13999 ||| UPGRADING to +1 helmet of the Comet {MP+9
                  | Stlth+}.
 14001 | Lair:2   | 14001 ||| UPGRADING to +1 helmet of the Comet {MP+9
                  | Stlth+}.
 14003 | Lair:2   | 14003 ||| UPGRADING to +1 helmet of the Comet {MP+9
                  | Stlth+}.
 14004 | Lair:2   | 14004 ||| UPGRADING to +1 helmet of the Comet {MP+9
                  | Stlth+}.
 14005 | Lair:2   | 14005 ||| UPGRADING to +1 helmet of the Comet {MP+9
                  | Stlth+}.
 14006 | Lair:2   | 14006 ||| UPGRADING to +1 helmet of the Comet {MP+9
                  | Stlth+}.
 14007 | Lair:2   | 14007 ||| UPGRADING to +1 helmet of the Comet {MP+9
                  | Stlth+}.
 14012 | Lair:2   | 14012 ||| UPGRADING to +1 helmet of the Comet {MP+9
                  | Stlth+}.
 14017 | Lair:2   | 14017 ||| DROPPING +0 helmet.
 14022 | Lair:2   | 14022 ||| FLEEEEING.
 14317 | Lair:3   | 14317 ||| INVOKING Heroism.
 14614 | Lair:3   | 14614 ||| Stepping ~*~*~tactically~*~*~ (stealth).
 14644 | Lair:3   | 14644 ||| Stepping ~*~*~tactically~*~*~ (stealth).
 14658 | Lair:3   | 14658 ||| Stepping ~*~*~tactically~*~*~ (stealth).
 14660 | Lair:3   | 14660 ||| Stepping ~*~*~tactically~*~*~ (stealth).
 14666 | Lair:3   | 14666 ||| Stepping ~*~*~tactically~*~*~ (stealth).
 14758 | Lair:3   | Found a runed translucent door.
 14758 | Lair:3   | Found a shimmering altar of Xom.
 14758 | Lair:3   | Noticed qw's ghost (journeyman GrFi)
 14837 | Lair:3   | 14837 ||| INVOKING Heroism.
 14868 | Lair:3   | 14868 ||| Stepping ~*~*~tactically~*~*~ (stealth).
 14871 | Lair:3   | 14871 ||| Stepping ~*~*~tactically~*~*~ (stealth).
 14872 | Lair:3   | 14872 ||| Stepping ~*~*~tactically~*~*~ (stealth).
 14874 | Lair:3   | 14874 ||| Stepping ~*~*~tactically~*~*~ (stealth).
 14875 | Lair:3   | 14875 ||| Stepping ~*~*~tactically~*~*~ (stealth).
 14895 | Lair:3   | 14895 ||| INVOKING Heroism.
 15027 | Lair:3   | Found a hole to the Spider Nest.
 16912 | Lair:3   | 16912 ||| Stepping randomly (stuck).
 17003 | Lair:4   | 17003 ||| Stepping ~*~*~tactically~*~*~ (stealth).
 17005 | Lair:4   | 17005 ||| Stepping ~*~*~tactically~*~*~ (stealth).
 17160 | Lair:4   | 17160 ||| INVOKING Heroism.
 17237 | Lair:4   | Found a viscous altar of Jiyva.
 17238 | Lair:4   | Found a staircase to the Slime Pits.
 17248 | Lair:4   | 17248 ||| INVOKING Heroism.
 17249 | Lair:4   | 17249 ||| INVOKING Finesse.
 17252 | Lair:4   | 17252 ||| SWAPPING to +0 morningstar.
 17260 | Lair:4   | 17260 ||| SWAPPING to +0 broad axe.
 17317 | Lair:4   | 17317 ||| INVOKING Heroism.
 17794 | Lair:4   | Noticed Rupert
 17795 | Lair:4   | 17795 ||| INVOKING Heroism.
 17796 | Lair:4   | 17796 ||| INVOKING Finesse.
 17822 | Lair:4   | Killed Rupert
 18164 | Lair:4   | Received a gift from Okawaru
 19379 | Lair:4   | 19379 ||| Stepping randomly (stuck).
 19399 | Lair:5   | Entered Level 5 of the Lair of Beasts
 19400 | Lair:5   | 19400 ||| INVOKING Heroism.
 19401 | Lair:5   | 19401 ||| INVOKING Finesse.
 19588 | Lair:5   | 19588 ||| INVOKING Heroism.
 19589 | Lair:5   | 19589 ||| SWAPPING to +0 morningstar.
 19603 | Lair:5   | Reached skill level 15 in Axes
 19603 | Lair:5   | Gained mutation: Your large and strong wings let you fly.
                  | [Gargoyle growth]
 19603 | Lair:5   | Reached XP level 14. HP: 36/90 MP: 23/23
 19603 | Lair:5   | 19603 ||| SWAPPING to +0 broad axe.
 19658 | Lair:5   | 19658 ||| Stepping ~*~*~tactically~*~*~ (stealth).
 19659 | Lair:5   | 19659 ||| Stepping ~*~*~tactically~*~*~ (stealth).
 19660 | Lair:5   | 19660 ||| INVOKING Heroism.
 19734 | Lair:5   | 19734 ||| INVOKING Heroism.
 19764 | Lair:5   | 19764 ||| Stepping ~*~*~tactically~*~*~ (stealth).
 19768 | Lair:5   | 19768 ||| INVOKING Heroism.
 19861 | Lair:5   | 19861 ||| FLEEEEING.
 19862 | Lair:5   | 19862 ||| FLEEEEING.
 19865 | Lair:5   | 19865 ||| STAIRDANCE
 20040 | Lair:5   | Reached skill level 12 in Fighting
 20065 | Lair:5   | 20065 ||| Stepping ~*~*~tactically~*~*~ (stealth).
 20090 | Lair:5   | 20090 ||| INVOKING Heroism.
 20094 | Lair:5   | 20094 ||| SWAPPING to +0 morningstar.
 20102 | Lair:5   | HP: 18/92 [seven-headed hydra (10)]
 20103 | Lair:5   | 20103 ||| DRINKING potion of heal wounds.
 20108 | Lair:5   | HP: 16/92 [seven-headed hydra (12)]
 20111 | Lair:5   | 20111 ||| SWAPPING to +0 broad axe.
 20116 | Lair:5   | HP: 5/92 [rime drake/icy flash freeze (5)]
 20117 | Lair:5   | Slain by a polar bear

Levels and vault maps discovered:
D:1:      sevenhm_arrival_forest_fort_large_2, layout_basic
D:2:      layout_loops_ring, basic_altar, hellmonk_ecumenical_altar_arch_garden,
          kennysheep_small_spiral, amethyst_killhole
D:3:      layout_loops_corners, nicolae_overflow_crystal_walls, serial_glass,
          glass_columns_b, glass_columns_b, uniq_jessica, uniq_terence,
          uniq_ijyb
D:4:      nicolae_cairo_tiling_large, layout_cave_pools,
          lightli_sewer_entry_pipes, uniq_natasha
D:5:      layout_rooms, mainiacjoe_overflow_concentric_impassable,
          lemuel_doored_altar, minmay_temple_entry_proselytizer,
          uniq_crazy_yiuf_cottage
D:6:      gammafunk_wand_slinger, layout_basic,
          grunt_temple_overflow_order_and_chaos_2, uniq_maggie, uniq_edmund
D:7:      wad_woods_settlement, layout_basic,
          gammafunk_temple_overflow_forgotten, enter_bailey_7
D:8:      layout_basic
D:9:      layout_roguey, serial_aquarium, aquarium_bridge_square
          [aquarium_subvault_bridge, aquarium_subvault_wall,
          aquarium_subvault_wall, aquarium_subvault_bridge],
          aquarium_bridge_square [aquarium_subvault_bridge,
          aquarium_subvault_wall, aquarium_subvault_wall,
          aquarium_subvault_window], aquarium_window_fake, aquarium_window_fake,
          aquarium_view_2f, aquarium_view_4, aquarium_pool_corner,
          uniq_prince_ribbit1
D:10:     layout_layer_cave, minmay_lair_entry_grove
Temple:   nicolae_temple_bog_church
Lair:1:   layout_chaotic_city, gauntlet_entry_generic, columned_hall_lemuel
Lair:2:   statuecave_lemuel, layout_chaotic_city, minmay_swamp_entry_wisps
Lair:3:   layout_layer_cave, nicolae_spider_entry_non_spiders,
          ebering_ghost_xom, st_stairs_12, dreamdust_mushroom_princess,
          serial_bayou_shore_a
Lair:4:   gammafunk_mikee_crab_dinner, layout_cave_pods,
          minmay_slime_entry_pillars, chequers_serial_rivers_micro_d,
          grunt_megastairs_3, uniq_rupert
Lair:5:   minmay_lair_end_frog_pond, layout_misc_corridors, st_stairs_9

Skill      XL: |  1  2  3  4  5  6  7  8  9 10 11 12 13 14 |
---------------+-------------------------------------------+-----
Axes           | 2 3 4 5 6 7 8 10 11 12 13 15 | 15.2
Fighting       | 4 5 6 7 9 10 11 12 | 12.0
Dodging        | 1 2 3 4 |  4.1
Armour         | 4 5 6 9 10 | 10.1
Shields        | 4 5 6 7 |  7.3
Invocations    | 4 8 10 | 10.0

Action                     |  1- 3 |  4- 6 |  7- 9 | 10-12 | 13-15 || total
---------------------------+-------+-------+-------+-------+-------++-------
  Melee: War axe           |   111 |   244 |   237 |       |       ||   592
         Broad axe         |       |       |   123 |   569 |   602 ||  1294
         Morningstar       |       |       |       |       |    35 ||    35
 Invoke: Heroism           |       |       |       |    27 |    17 ||    44
         Finesse           |       |       |       |       |     3 ||     3
    Use: Scroll            |     1 |     5 |    16 |     5 |       ||    27
         Potion            |       |       |     3 |     4 |     1 ||     8
 Armour: Scale mail        |    73 |       |       |       |       ||    73
         Chain mail        |       |   153 |   195 |   125 |       ||   473
         Plate armour      |       |       |       |   158 |   332 ||   490
  Dodge: Dodged            |    52 |   105 |   121 |   253 |   200 ||   731
         Repelled          |       |       |       |     2 |     1 ||     3
  Block: Buckler           |    16 |    43 |    79 |   181 |   171 ||   490

Table legend:
 A = Non-vault XP
 B = Vault XP
 C = Vault XP percentage of total XP
 D = Non-vault monster count
 E = Vault monster count
 F = Vault count percentage of total count
                 A         B        C        D         E       F
            +---------+---------+-------+---------+---------+-------
      Total |   47804 |   14214 |  22.9 |     341 |     121 |  26.2
            +---------+---------+-------+---------+---------+-------
        D:1 |      37 |       0 |   0.0 |      21 |       0 |   0.0
        D:2 |      45 |       0 |   0.0 |      12 |       0 |   0.0
        D:3 |      89 |     111 |  55.5 |      20 |       3 |  13.0
        D:4 |     200 |     152 |  43.2 |      25 |      15 |  37.5
        D:5 |     541 |      41 |   7.0 |      17 |       1 |   5.6
        D:6 |    1140 |     553 |  32.7 |      23 |       2 |   8.0
        D:7 |     266 |     142 |  34.8 |      14 |      10 |  41.7
        D:8 |    2346 |       0 |   0.0 |      20 |       0 |   0.0
        D:9 |     837 |     277 |  24.9 |      20 |       1 |   4.8
       D:10 |    4439 |    1989 |  30.9 |      29 |      13 |  31.0
     Lair:1 |   11125 |       0 |   0.0 |      40 |       0 |   0.0
     Lair:2 |    9453 |     541 |   5.4 |      34 |       1 |   2.9
     Lair:3 |    7236 |     258 |   3.4 |      36 |       9 |  20.0
     Lair:4 |    6029 |    3211 |  34.8 |      19 |      11 |  36.7
     Lair:5 |    4021 |    6600 |  62.1 |      11 |      23 |  67.6
      Sewer |       0 |     339 | 100.0 |       0 |      32 | 100.0
            +---------+---------+-------+---------+---------+-------
